[Event "Bayerischer Schachbund IM 2024"]
[Site "Rosenheim"]
[Date "2024.08.18"]
[Round "9.6"]
[White "Schneider, Jana"]
[Black "Schulz, Lukas"]
[Result "0-1"]
[Annotator "RC"]
[ECO "B40"]
[WhiteElo "2275"]
[BlackElo "2298"]
[PlyCount "74"]
[EventDate "2024.08.12"]
[EventType "tourn"]
[EventCountry "GER"]
[SourceTitle "playchess.com"]
[Source "ChessBase"]
[SourceQuality "1"]
[TimeControl "40/5400+30:1800+30"]

1. e4 c5 2. Nf3 Nc6 3. g3 Nf6 4. d3 d5 5. e5 Nd7 6. Qe2 e6 7. Bg2 Qc7 8. Bf4 Be7 9. h4 h6 10. h5 a6 11. c4 Nb6 12. b3 Bd7 13. Nc3 Nd4 14. Nxd4 cxd4 15. Nb1 Bc6 16. O-O O-O-O 17. Nd2 g5 18. hxg6 fxg6 19. Nf3 dxc4 20. bxc4 g5 21. Bc1 Na4 22. Nd2 Nc3 23. Qe1 Rhf8 24. Nb3 Bxg2 25. Kxg2 Qc6+ 26. Kh2 Qf3 27. Nxd4 Rxd4 28. Qxc3 Rxd3 29. Qc2 h5 30. Be3 h4 31. g4 Rxe3 32. fxe3 Qg3+ 33. Kh1 Qh3+ 34. Kg1 Qxe3+ 35. Rf2 Bc5 36. Raf1 Rxf2 37. Rxf2 Qxf2+ 0-1

[Event "Bayerischer Schachbund IM 2024"]
[Site "Rosenheim"]
[Date "2024.08.18"]
[Round "9.7"]
[White "Lucas, Arthur"]
[Black "Goldbeck, Lars"]
[Result "1/2-1/2"]
[Annotator "RC"]
[ECO "B13"]
[WhiteElo "2332"]
[BlackElo "2321"]
[PlyCount "83"]
[EventDate "2024.08.12"]
[EventType "tourn"]
[EventCountry "GER"]
[SourceTitle "playchess.com"]
[Source "ChessBase"]
[SourceQuality "1"]
[TimeControl "40/5400+30:1800+30"]

1. e4 c6 2. d4 d5 3. exd5 cxd5 4. c4 Nf6 5. Nc3 Nc6 6. Nf3 a6 7. Be3 Be6 8. c5 g6 9. h3 Ne4 10. Bd3 Bf5 11. Bxe4 Bxe4 12. Ng5 Bf5 13. Qb3 h6 14. Nf3 Qd7 15. Qxd5 Qxd5 16. Nxd5 Rd8 17. Nc3 Bg7 18. Rd1 Nb4 19. O-O Be6 20. a3 Nd5 21. Nxd5 Bxd5 22. Ne5 O-O 23. Rc1 Bxe5 24. dxe5 Kg7 25. Rfd1 Bc6 26. f4 Ba4 27. Rxd8 Rxd8 28. Kf2 f6 29. exf6+ exf6 30. g4 Rd3 31. Rc4 Bc6 32. Rd4 Rxd4 33. Bxd4 Kf7 34. Ke3 Bg2 35. h4 Bh3 36. Kf3 h5 37. gxh5 gxh5 38. Ke3 Ke6 39. Kd3 f5 40. c6 bxc6 41. Kc4 Kd7 42. Kc5 1/2-1/2

[Event "Bayerischer Schachbund IM 2024"]
[Site "Rosenheim"]
[Date "2024.08.18"]
[Round "9.8"]
[White "Platzgummer, Fabian"]
[Black "Georgescu, Lena"]
[Result "1/2-1/2"]
[Annotator "RC"]
[ECO "A07"]
[WhiteElo "2304"]
[BlackElo "2209"]
[PlyCount "82"]
[EventDate "2024.08.12"]
[EventType "tourn"]
[EventCountry "GER"]
[SourceTitle "playchess.com"]
[Source "ChessBase"]
[SourceQuality "1"]
[TimeControl "40/5400+30:1800+30"]

1. Nf3 d5 2. g3 b6 3. Bg2 Bb7 4. d4 e6 5. O-O Nd7 6. Ne5 Nxe5 7. dxe5 Ne7 8. c4 Qd7 9. Nc3 O-O-O 10. cxd5 Nxd5 11. Ne4 f5 12. exf6 gxf6 13. Qb3 f5 14. Nc3 Nxc3 15. Qxc3 Bg7 16. Qa3 Bxg2 17. Kxg2 Qc6+ 18. Kg1 Rd5 19. Be3 Qd6 20. Qb3 Rd8 21. a4 a5 22. Rac1 Kb7 23. Qc2 Rd7 24. b3 Bd4 25. Bxd4 Rxd4 26. Qc3 Qd5 27. Qe3 f4 28. Qc3 e5 29. Rc2 e4 30. f3 fxg3 31. hxg3 Ka7 32. Qe3 Qe5 33. f4 Qd5 34. Rfc1 c5 35. Kg2 h5 36. Rc3 Rg7 37. Rh1 Rg4 38. Kf2 Qf7 39. Rc4 Qd5 40. Rc3 Ka6 41. Rh2 Qf7 1/2-1/2

[Event "Bayerischer Schachbund IM 2024"]
[Site "Rosenheim"]
[Date "2024.08.18"]
[Round "9.10"]
[White "Reimann, Sebastian"]
[Black "Hasenohr, Benedict"]
[Result "1-0"]
[Annotator "RC"]
[ECO "C01"]
[WhiteElo "2327"]
[BlackElo "2339"]
[PlyCount "57"]
[EventDate "2024.08.12"]
[EventType "tourn"]
[EventCountry "GER"]
[SourceTitle "playchess.com"]
[Source "ChessBase"]
[SourceQuality "1"]
[TimeControl "40/5400+30:1800+30"]

1. e4 e6 2. d4 d5 3. exd5 exd5 4. Nf3 Bd6 5. Bd3 Bg4 6. h3 Bh5 7. O-O Ne7 8. Re1 Nbc6 9. c3 f6 10. Nbd2 O-O 11. b4 Qd7 12. a4 Rae8 13. Nf1 f5 14. Ng3 Bg6 15. Nh4 f4 16. Nxg6 hxg6 17. Nf1 Nd8 18. Qg4 Qxg4 19. hxg4 Kf7 20. Nh2 g5 21. Nf3 Kf6 22. g3 Nf7 23. Kg2 Ng6 24. Bd2 Nh6 25. Rxe8 Rxe8 26. Rh1 Nf8 27. gxf4 Nxg4 28. fxg5+ Kf7 29. Rh4 1-0